 Dungeon Crawl Stone Soup version 0.24-a0-584-g9d6b971 (webtiles) character file.

Game seed: 4693431938871773146, levelgen mode: deterministic

1 Laraso the Grave Robber (level 1, -2/9 HPs)
             Began as a Vine Stalker Necromancer on Sept 6, 2019.
             Slain by a jackal (3 damage)
             ... on level 1 of the Dungeon.
             The game lasted 00:00:14 (56 turns).

Laraso the Grave Robber (Vine Stalker Necromancer)    Turns: 56, Time: 00:00:14

Health: -2/9       AC:  2    Str: 10    XL:     1   Next: 20%
Magic:  0/4        EV: 12    Int: 15    God:
Gold:   15         SH:  0    Dex: 14    Spells: 3/4 levels left

rFire    . . .     SeeInvis .   (no weapon)
rCold    . . .     Gourm    .   (no shield)
rNeg     . . .     Faith    .   a - +0 robe
rPois    .         Spirit   +   (no helmet)
rElec    .         Reflect  .   (no cloak)
rCorr    .         Harm     .   (no gloves)
MR       .....                  (no boots)
Stlth    ++........             (no amulet)
HPRegen  0.03/turn              (no ring)
MPRegen  0.09/turn              (no ring)

@: no status effects
A: fangs 2, magic shield, antimagic bite, no potion heal 3, rot immunity
a: no special abilities


You were on level 1 of the Dungeon.
You were not hungry.

You visited 1 branch of the dungeon, and saw 1 of its levels.

You collected 15 gold pieces.

Inventory:

Armour
 a - a +0 robe (worn)
 b - a +0 buckler
Comestibles
 c - 3 rations


   Skills:
 - Level 1.5 Dodging
 - Level 2.4 Stealth
 * Level 2.3 Spellcasting
 - Level 4.0 Necromancy


You had 3 spell levels left.
You knew the following spells:

 Your Spells              Type           Power        Failure   Level  Hunger
a - Pain                  Necr           ##..         4%          1    #......

Your spell library contained the following spells:

 Spells                   Type           Power        Failure   Level  Hunger
 Animate Skeleton         Necr           N/A          4%          1    #......
 Vampiric Draining        Necr           ##........   13%         3    ###....
 Regeneration             Chrm/Necr      #.........   28%         3    ###....
 Animate Dead             Necr           N/A          38%         4    #####..


Dungeon Overview and Level Annotations

Branches:
Dungeon (1/15)

Altars:


Innate Abilities, Weirdness & Mutations

You have extremely sharp teeth.
When hurt, damage is shared between your health and your magic reserves.
Your bite disrupts and absorbs the magic of your enemies.
Potions cannot restore your health.
You are immune to rotting.


Message History

Welcome, Laraso the Vine Stalker Necromancer.
The bosom of this dungeon contains the fabled artefact, the Orb of Zot.
Found 15 gold pieces.
Found a staircase leading out of the dungeon.
You now have 15 gold pieces.
Found a buckler.
c - 2 rations (gained 1)
c - 3 rations (gained 1)
A jackal comes into view.
The jackal barks!
The jackal moves out of view.
Found 12 gold pieces.
A jackal comes into view.
Aim: a jackal (hasn't noticed you, chance to defeat MR: 83%)
The jackal barks!
The jackal writhes in agony.
You hear a bark!
A jackal comes into view.
You take 1 damage, and have 8/9 hp.
You now have 3/4 mp.
You don't know that spell.
Unknown command.
Aim: a jackal (chance to defeat MR: 83%)
The jackal writhes in agony.
You kill the jackal!
You take 1 damage, and have 7/9 hp.
You now have 2/4 mp.
You closely miss the jackal. Your bite misses the jackal. The jackal bites you.
* * * LOW HITPOINT WARNING * * *
You take 2 damage, and have 5/9 hp.
MASSIVE DAMAGE!!
You now have 1/4 mp.
The jackal bites you.
You see here a buckler.
b - a buckler The jackal closely misses you.
The jackal barely misses you. The jackal bites you.
* * * LOW MAGIC WARNING * * *
You now have 0/4 mp.
Wear which item? (? for menu, Esc to quit)
Keep equipping yourself?
You start putting on your armour.
You continue putting on your buckler.
The jackal closely misses you.
You continue putting on your buckler.
The jackal bites you.
* * * LOW HITPOINT WARNING * * *
You continue putting on your buckler.
The jackal bites you.
* * * LOW HITPOINT WARNING * * *
The jackal misses you.
You continue putting on your buckler.
The jackal bites you.
You die...

#........#.............#
##.....#......###...#..
#..##.....###.......##.
....##....#........##
.#..#.....#.#.......#
.##.###........##...#
...#..##..........#..
...#..........hh### .
...............#@#
####.#############
..........$..
....#.#h..... ....#.+
h.... .####.# .... . #.#
.## #+# .. .


You could see 2 jackals.

Vanquished Creatures
  A jackal (D:1)
1 creature vanquished.

Notes
Turn   | Place    | Note
-------+----------+-------------------------------------------
     0 | D:1      | Laraso the Vine Stalker Necromancer began the quest for the
                  | Orb.
     0 | D:1      | Reached XP level 1. HP: 9/9 MP: 4/4
    54 | D:1      | HP: 2/9 [jackal (3)]
    56 | D:1      | Slain by a jackal

Levels and vault maps discovered:
D:1:      matt_arrival_debris, layout_basic, glass_columns_a, minivault_25,
          kennysheep_boxes

Action                   || total
-------------------------++-------
Melee: Unarmed           ||     1
 Cast: Pain              ||     2
Dodge: Dodged            ||     4

Table legend:
 A = Non-vault XP
 B = Vault XP
 C = Vault XP percentage of total XP
 D = Non-vault monster count
 E = Vault monster count
 F = Vault count percentage of total count
                 A         B        C        D         E       F
            +---------+---------+-------+---------+---------+-------
      Total |       2 |       0 |   0.0 |       1 |       0 |   0.0
            +---------+---------+-------+---------+---------+-------
        D:1 |       2 |       0 |   0.0 |       1 |       0 |   0.0
            +---------+---------+-------+---------+---------+-------

Table legend:
 A = Kills in this place as a percentage of kills in entire the game.
 B = Kills by you in this place as a percentage of kills by you in the entire game.
 C = Kills by friends in this place as a percentage of kills by friends in the entire game.
 D = Other kills in this place as a percentage of other kills in the entire game.
 E = Experience gained in this place as a percentage of experience gained in the entire game.
 F = Experience gained in this place divided by the number of levels of this place that you have seen.
                   A       B       C       D       E      F
               +-------+-------+-------+-------+-------+----------------------
         Total | 100.0 | 100.0 |   N/A |   N/A | 100.0 |   2.0
       Dungeon | 100.0 | 100.0 |   N/A |   N/A | 100.0 |   2.0
               +-------+-------+-------+-------+-------+----------------------

Table legend:
 A = Turns spent in this place as a percentage of turns spent in the entire game.
 B = Non-inter-level travel turns spent in this place as a percentage of non-inter-level travel turns spent in the entire game.
 C = Inter-level travel turns spent in this place as a percentage of turns spent in this place.
 D = Turns resting spent in this place as a percentage of non-inter-level travel turns spent in this place.
 E = Turns spent auto-exploring this place as a percentage of non-inter-level travel turns spent in this place.
 F = Non-inter-level travel turns spent in this place divided by the number of levels of this place that you've seen.
                   A       B       C       D       E      F
               +-------+-------+-------+-------+-------+----------------------
         Total | 100.0 | 100.0 |   0.0 |   0.0 |  58.9 |  56.0
       Dungeon | 100.0 | 100.0 |   0.0 |   0.0 |  58.9 |  56.0
               +-------+-------+-------+-------+-------+----------------------

Levels and vault maps discovered:
D:1:      matt_arrival_debris, layout_basic, glass_columns_a, minivault_25,
          kennysheep_boxes
